Map: Para Site LE

Players

TooLgtToQyt

  • Race: Protoss Protoss
  • League: Diamond
  • Spawn Location: 11:00

Rye - Winner!

  • Race: Zerg Zerg
  • League: Diamond
  • Spawn Location: 5:00

VOD

Have the link to the VOD?

Description

Time

  • Played on: Dec. 1, 2018, 10:32 p.m.
  • Length: 9:36
Show
View Real Time Build Order
Export as new Build Order

TooLgtToQyt Protoss 

Build Orders: Dark Templar Rush 

Get SALT Encoding   

  12  0:01  Probe  
  13  0:13  Probe  
  14  0:19  Pylon  
  14  0:25  Probe  
  15  0:32  Assimilator  
  15  0:40  Gateway  
  15  0:43  Probe  
  16  0:56  Probe  
  17  0:59  Forge  
  17  1:05  Probe  
  18  1:13  Probe  
  19  1:20  Assimilator  
  19  1:22  Probe  
  19  1:28  Cybernetics Core  
  20  1:34  Probe  
  21  1:40  Pylon  
  21  1:42  Probe  
  22  1:50  Probe  
  22  1:59  Pylon  
  22  2:00  Probe  
  24  2:09  Twilight Council  
  24  2:12  Warp Gate  
  18  2:33  Probe  
  17  2:47  Probe  
  18  2:55  Protoss Ground Weapons Level 1  
  18  2:57  Dark Shrine  
  18  3:02  Probe  
  19  3:10  Zealot  
  21  3:15  Probe  
  22  3:28  Probe  
  23  3:40  Probe  
  24  3:48  Gateway  
  24  3:52  Probe  
  25  4:00  Gateway  
  25  4:17  Dark Templar  
  27  4:42  Protoss Ground Weapons Level 2  
  27  4:43  Dark Templar  
  29  4:49  Dark Templar  
  31  4:56  Stalker  
  33  5:25  Nexus  
  33  5:27  Pylon  
  33  5:34  Zealot x2  
  28  6:02  Stalker  
  28  6:03  Stalker x2  
  32  6:14  Probe, Robotics Facility  
  33  6:25  Probe, Charge  
  34  6:34  Probe  
  34  6:37  Probe  
  35  6:43  Probe  
  35  6:45  Probe  
  37  6:50  Sentry  
  37  6:51  Sentry  
  42  6:55  Probe x2  
  42  6:58  Stalker  
  46  7:03  Observer  
  46  7:07  Probe  
  46  7:08  Probe  
  49  7:13  Assimilator  
  49  7:17  Assimilator  
  49  7:19  Probe  
  49  7:20  Probe  
  51  7:33  Immortal  
  51  7:37  Probe x2  
  57  7:49  Probe x2  
  57  8:01  Probe x2  
  59  8:12  Immortal  
  52  8:23  Stalker  
  52  8:24  Stalker  
  44  8:28  Dark Templar  
  41  8:47  Dark Templar  
  41  8:48  Dark Templar  
  36  8:54  Probe x2  
  36  9:06  Probe x2  
  36  9:09  Archon  
  36  9:15  Zealot  
  40  9:18  Probe  
  40  9:19  Probe  
  41  9:26  Stalker x2  
Show
View Real Time Build Order
Export as new Build Order

Rye Zerg - Winner!

Build Orders: Pool First 

Get SALT Encoding   

  12  0:21  Spawning Pool  
  11  0:26  Drone x2  
  13  0:31  Drone  
  14  0:43  Overlord  
  14  1:07  Zergling x2  
  14  1:08  Zergling x2  
  14  1:09  Zergling x2  
  17  1:19  Queen  
  19  1:29  Hatchery  
  18  1:40  Drone x2  
  20  1:50  Drone  
  21  1:59  Drone  
  22  2:27  Roach Warren  
  22  2:29  Extractor  
  18  2:30  Drone x4  
  18  2:31  Extractor  
  20  2:43  Drone x3  
  23  2:47  Drone  
  24  2:53  Drone  
  24  2:57  Drone  
  26  3:05  Queen  
  26  3:12  Overlord x2  
  28  3:24  Metabolic Boost  
  28  3:30  Queen  
  30  3:35  Zergling x6  
  33  3:43  Roach  
  33  3:44  Roach x2  
  39  4:03  Lair  
  39  4:05  Roach x2  
  39  4:06  Drone  
  44  4:13  Evolution Chamber  
  43  4:21  Drone  
  44  4:29  Evolution Chamber  
  43  4:33  Overlord x2, Spine Crawler  
  43  4:36  Roach  
  44  4:44  Evolution Chamber  
  43  4:56  Roach x3  
  49  5:01  Overlord  
  49  5:02  Drone  
  50  5:09  Drone x2  
  50  5:13  Drone  
  53  5:35  Overseer  
  48  5:51  Roach x6  
  60  6:06  Spore Crawler  
  60  6:09  Overlord x2  
  60  6:10  Overlord  
  59  6:17  Spore Crawler  
  58  6:21  Zerg Missile Weapons Level 1, Zerg Ground Armor Level 1  
  58  6:32  Drone x6  
  64  6:52  Drone x4  
  68  6:58  Overseer  
  68  7:05  Glial Reconstitution  
  68  7:08  Hatchery  
  67  7:16  Drone  
  67  7:17  Drone x5  
  67  7:19  Evolution Chamber  
  72  7:29  Ravager x2  
  75  7:37  Zergling x4  
  75  7:38  Overlord x2  
  75  7:39  Overlord  
  74  8:16  Zergling x14  
  70  8:31  Zergling x2  
  70  8:32  Zergling x12  
  75  8:43  Zergling x4  
  70  8:55  Drone  
  70  8:56  Drone x4  
  72  9:09  Zergling x6  
  76  9:10  Zergling x2  
  76  9:14  Zergling x2  
  77  9:19  Spine Crawler  
Tags
 
Add a new tag
Caveats
  • Supply blocks, unpowered buildings, or Contaminate may cause inaccurate times.
  • Supply counts are checked every 10 seconds.